 Dungeon Crawl Stone Soup version 0.31.0-11-ge490571c62 (webtiles) character file.

Game seed: 11307436756782381559

86 Gadfly the Insei (level 4, 0/35 HPs)
             Began as a Demonspawn Monk on Feb 5, 2024.
             Slain by Terence
             ... wielding a +3 mace of holy wrath
              (2 damage)
             ... on level 2 of the Dungeon.
             The game lasted 00:01:58 (1160 turns).

Gadfly the Insei (Demonspawn Monk)                  Turns: 1160, Time: 00:01:58

Health: 0/35       AC:  3    Str: 14    XL:     4   Next: 27%
Magic:  4/4        EV: 13    Int: 10    God:
Gold:   64         SH:  0    Dex: 15    Spells: 3/3 levels left

rFire   + . .        b - +4 dagger (drain)
rCold   . . .        c - orb {light}
rNeg    . . .        a - +0 robe
rPois   .            (no helmet)
rElec   .            (no cloak)
rCorr   .            (no gloves)
SInv    .            (no boots)
Will    .....        (no amulet)
Stlth   +            h - ring of protection from fire
HPRegen 0.25/turn    (no ring)
MPRegen 0.09/turn

%: no passive effects
@: confused, ambrosia-drunk, glowing
A: claws 1, sharp scales 1
a: no special abilities


You were on level 2 of the Dungeon.
You visited 1 branch of the dungeon, and saw 2 of its levels.

You collected 64 gold pieces.

Inventory:

Hand Weapons
 b - a +4 dagger of draining (weapon)
Armour
 a - a +0 robe (worn)
 c - an orb of light (worn)
Jewellery
 h - a ring of protection from fire (left claw)
Scrolls
 e - 2 scrolls of blinking {unknown}
Potions
 d - a potion of curing {unknown}
 f - a potion of degeneration {unknown}
 i - 2 potions of magic {unknown}


   Skills:
 - Level 3.0 Fighting
 + Level 3.1 Dodging
 * Level 3.4 Unarmed Combat
 * Level 1.7 Evocations
 * Level 1.5 Shapeshifting


You had 3 spell levels left.
You didn't know any spells.
Your spell library contained the following spells:

 Spells                   Type           Power      Damage    Failure   Level
 Apportation              Tloc           0%         N/A       36%         1
 Jinxbite                 Hex            0%         N/A       50%         2
 Alistair's Intoxication  Alch           0%         N/A       100%        5


Dungeon Overview and Level Annotations

Branches:
Dungeon (2/15)

Altars:

Shops:
D:1 :

Annotations:
D:2 Terence


Innate Abilities, Weirdness & Mutations

You have sharp fingernails.
You are partially covered in razor-sharp scales. (AC +1, Slay +1)


Message History

You start resting.
HP restored.
There is a stone staircase leading down here.
You climb downwards.
Level annotation: Terence Terence closely misses you.
There is a stone staircase leading up here.
You hit Terence but do no damage.
Terence says, "You're history."
Terence misses you.
You hit Terence.
Terence is moderately wounded.
Terence hits you with a +3 mace of holy wrath!
You convulse.
You hit Terence but do no damage.
Terence is moderately wounded.
Terence hits you with a +3 mace of holy wrath!
You convulse!
* * * LOW HITPOINT WARNING * * *
You are too injured to fight recklessly!
You are too injured to fight recklessly!
You are too injured to fight recklessly!
You are too injured to fight recklessly!
You are too injured to fight recklessly!
You are too injured to fight recklessly!
You are too injured to fight recklessly!
You are too injured to fight recklessly!
You are too injured to fight recklessly!
You are too injured to fight recklessly!
You are too injured to fight recklessly!
You are too injured to fight recklessly!
You are too injured to fight recklessly!
You are confused.
You feel invigorated. Terence closely misses you.
You bump into the rock wall.
Terence hits you with a +3 mace of holy wrath!
* * * LOW HITPOINT WARNING * * *
You convulse.
You die...
Terence says, "That felt goooood."

........# ###...#
#.#.###.#
(.......# ###...
..#...#.#
........# #.##
###.#.#.#
....)...# #..
#.#†#.# ........#
##. ..#.#.#
.....†.@####### .
...#.#.#
............... ..
....#....
........##########
....####<.
.......†'......@@#
.....+.....
........##########
###.5. ........#
###. ......### #h
####### #. #. #5
## #


You could see Terence.

Vanquished Creatures
  Natasha (D:2)
  An adder (D:2)
  2 dart slugs (D:1)
  4 ball pythons
  5 goblins
  7 hobgoblins (D:1)
  3 quokkas (D:1)
  6 bats
  3 frilled lizards
  8 kobolds
  8 rats
48 creatures vanquished.

Notes
Turn   | Place    | Note
-------+----------+-------------------------------------------
     0 | D:1      | Gadfly the Demonspawn Monk began the quest for the Orb.
     0 | D:1      | Reached XP level 1. HP: 18/18 MP: 1/1
    76 | D:1      | Gained mutation: You are partially covered in razor-sharp
                  | scales. (AC +1, Slay +1) [demonic ancestry]
    76 | D:1      | Reached XP level 2. HP: 17/24 MP: 2/2
   264 | D:1      | Reached skill level 1 in Evocations
   264 | D:1      | Reached skill level 1 in Shapeshifting
   291 | D:1      | Found Omeusung's Book Shop.
   301 | D:1      | Reached XP level 3. HP: 25/29 MP: 3/3
   619 | D:2      | Found a faded altar of an unknown god.
   733 | D:2      | Noticed Natasha
   931 | D:2      | Killed Natasha
   932 | D:2      | Gained mutation: You have sharp fingernails. [demonic
                  | ancestry]
   932 | D:2      | Reached XP level 4. HP: 18/35 MP: 4/4
  1037 | D:2      | Noticed Terence
  1160 | D:2      | Slain by Terence

Illustrated notes

Levels and vault maps discovered:
D:1:      wander_arrival_fairy_ring, layout_basic, serial_shops, shop
D:2:      layout_basic, ebering_ecumenical_altar_box, uniq_natasha, uniq_terence

Skill      XL: |  1  2  3 |
---------------+----------+-----
Unarmed Combat | 3 |  3.4
Evocations     | 1 |  1.7
Shapeshifting  | 1 |  1.5
Dodging        | 3 |  3.1
Fighting       | |  3.0

Action                     |  1- 3 |  4- 6 || total
---------------------------+-------+-------++-------
  Melee: Unarmed           |    87 |       ||    87
         Dagger            |    35 |     8 ||    43
    Use: Scroll            |     2 |       ||     2
         Potion            |       |     1 ||     1
 Armour: Robe              |    57 |     6 ||    63
         Skin              |     7 |       ||     7
  Dodge: Dodged            |    96 |    12 ||   108
